Map: Site Delta LE

Players

Subwayeatn - Winner!

  • Race: Zerg Zerg
  • League: Platinum
  • Spawn Location: 5:00

Slainte

  • Race: Zerg Zerg
  • League: Platinum
  • Spawn Location: 11:00

VOD

Have the link to the VOD?

Description

Time

  • Played on: Nov. 8, 2023, 12:51 p.m.
  • Length: 3:59
Show
View Real Time Build Order
Export as new Build Order

Subwayeatn Zerg - Winner!

Build Orders: Pool First 

Get SALT Encoding   

  12  0:00  Drone  
  13  0:10  Drone  
  14  0:15  Extractor  
  13  0:28  Spawning Pool  
  12  0:59  Hatchery  
  11  1:16  Queen  
  13  1:32  Metabolic Boost  
  13  1:38  Overlord  
  13  1:42  Zergling x2  
  14  2:00  Zergling x6  
  17  2:12  Zergling x4  
  19  2:24  Zergling x6  
  19  2:25  Zergling x2  
  23  2:37  Zergling x4  
  25  2:44  Zergling x4  
  27  2:51  Zergling x2  
  26  3:23  Zergling x2  
Show
View Real Time Build Order
Export as new Build Order

Slainte Zerg 

Build Orders: Pool First 

Get SALT Encoding   

  12  0:01  Drone  
  13  0:14  Overlord  
  13  0:18  Drone  
  14  0:35  Spawning Pool  
  13  0:40  Drone  
  13  0:42  Drone  
  15  0:47  Drone  
  16  1:12  Hatchery  
  15  1:19  Drone  
  15  1:23  Zergling x2  
  15  1:24  Zergling x2  
  18  1:31  Drone  
  19  1:41  Overlord  
  19  2:03  Drone  
  19  2:04  Drone  
  21  2:10  Queen  
  23  2:16  Drone  
  24  2:28  Drone x2  
  26  2:31  Spine Crawler  
  26  2:34  Spine Crawler  
  26  2:36  Drone x2  
  25  2:45  Queen  
  25  2:46  Spine Crawler  
  25  2:49  Spine Crawler  
  25  2:50  Zergling x2  
  26  2:56  Spine Crawler  
  23  3:07  Zergling x8  
  23  3:23  Spine Crawler  
  20  3:27  Zergling x6  
Tags
 
Add a new tag
Caveats
  • Supply blocks, unpowered buildings, or Contaminate may cause inaccurate times.
  • Supply counts are checked every 10 seconds.